 Dungeon Crawl Stone Soup version 0.28-a0-1117-g0bdd5ba030 (webtiles) character file.

Game seed: 5948331537817316547

0 spiderkeys the Skirmisher (level 1, -10/16 HPs)
             Began as a Djinni Abyssal Knight on Dec 12, 2021.
             Was a Follower of Lugonu.
             Killed by divine providence
             ... invoked by a smoke demon
              (15 damage)
             ... on level 5 of the Abyss.
             The game lasted 00:01:03 (204 turns).

spiderkeys the Skirmisher (Djinni Abyssal Knight)    Turns: 204, Time: 00:01:03

Health: -10/16     AC:  3    Str: 12    XL:     1   Next: 0%
Gold:   19         EV: 12    Int: 11    God:    Lugonu [*.....] SH:  0 Dex: 13

rFire   + + .      SeeInvis .   a - +1 falchion
rCold   x . .      Faith    .   (no shield)
rNeg    . . .      Spirit   .   b - +0 leather armour
rPois   ∞          Reflect  .   (no helmet)
rElec   .          Harm     .   (no cloak)
rCorr   .          Rampage  .   (no gloves)
Will    .....                   (boots unavailable)
Stlth   +.........              (no amulet)
HPRegen 0.05/turn               (no ring)
MPRegen 0.00/turn               (no ring)

@: weak-willed, flying
A: sickness immunity, fire resistance 2, cold vulnerability 1, float, innate
caster, hp casting, extra vitality 1, [frail 2]
a: Renounce Religion, Depart the Abyss


You were on level 5 of the Abyss.
You worshipped Lugonu.
Lugonu was aware of your devotion.
You visited 0 branches of the dungeon, and saw 0 of its levels.
You visited the Abyss 1 time.

You collected 19 gold pieces.


Innate Abilities, Weirdness & Mutations

You are immune to sickness and miasma.
You are immune to poison.
Your flesh is very heat resistant. (rF++)
You are vulnerable to cold. (rC-)
You float through the air rather than walking.
You learn spells naturally, not from books.
Your magical power is your life essence.
You have superior vitality. (+4 HP)
[You are very frail. (-20% HP)]


   Skills:
 + Level 3.0 Fighting
 + Level 1.7 Long Blades
 + Level 1.0 Armour
 + Level 2.1 Dodging
 + Level 1.7 Invocations


You couldn't memorise any spells.
You didn't know any spells.
Your spell library was empty.

Inventory:

Hand Weapons
 a - a +1 falchion (weapon)
 f - a +0 long sword
   (You found it on level 5 of the Abyss)
Missiles
 e - 4 boomerangs of dispersal {=f!f}
Armour
 b - a +0 leather armour (worn)
Potions
 c - a potion of heal wounds {unknown}

Dungeon Overview and Level Annotations

Branches:
Dungeon (0/15)

Altars:

.### .##. ....###
.#.. ..... ... ..*.
# #####.# .
#..###..#....#
....#..#.##3X....###
....*..@∩..#..#....#
....#..###..##.##.
.# .
#..#...###.....#
..X.##.## #.###
.....### ####.#
....####..#.#..## .#
.####..##§.3.§§§..#
#... .X#.####.#
#...# .###..# ...


You could see 2 tentacled starspawn, 2 wretched stars and a smoke demon.


Message History

🤖 Initializing magus.rc ... ✅ Successfully initialized magus.rc [v1.9.10] Welcome, spiderkeys the Djinni Abyssal Knight.
Are you destined to find the fabulous Orb of Zot, or to die trying?
Lugonu says: Depart the Abyss and spread corruption, my servant! (use the ability menu to exit the Abyss) Press ? for a list of commands and other information.
Found a corrupted altar of Lugonu.
Found a gateway leading deeper into the Abyss.
There is a gateway leading deeper into the Abyss here.
You plunge deeper into the Abyss.
Found 27 gold pieces.
Found a corrupted altar of Lugonu.
c - a golden potion
d - a scroll labelled IPPAPLOPOBB You now have 19 gold pieces.
Found 54 gold pieces.
Found a gateway leading deeper into the Abyss.
There is a gateway leading deeper into the Abyss here.
You plunge deeper into the Abyss.
The abyssal rune of Zot can be found at this depth.
e - 4 boomerangs of dispersal {=f!f} A bunyip zombie comes into view.
Found a gateway leading deeper into the Abyss.
A large abomination comes into view.
There is a gateway leading deeper into the Abyss here.
The large abomination hits you but does no damage.
You plunge deeper into the Abyss.
The abyssal rune of Zot can be found at this depth.
Found a gateway leading deeper into the Abyss.
There is a gateway leading deeper into the Abyss here.
There is a gateway leading deeper into the Abyss here.
You plunge deeper into the Abyss.
The abyssal rune of Zot can be found at this depth.
You see here a +0 long sword.
f - a +0 long sword Tentacles burst from the starspawn's body! 2 starspawn tentacles come into view.
Unknown command.
The starspawn tentacle grabs you.
The starspawn tentacle constricts you. 😕 HP[-2]
You take 2 damage, and now have 18/20 hp.
You escape the starspawn tentacle's grasp.
The starspawn tentacle misses you.
Unknown command.
As you read the scroll labelled IPPAPLOPOBB, it crumbles to dust.
Magic quickly surges around you.
It was a scroll of vulnerability.
The starspawn tentacle barely misses you.
The starspawn tentacle grabs you.
The starspawn tentacle constricts you. 😕 HP[-2]
You take 2 damage, and now have 16/20 hp.
You escape the starspawn tentacle's grasp.
Unknown command. 😕 HP[+1]
A smoke demon comes into view.
The smoke demon roars!
The smoke demon gestures at you. The ball of steam hits you.
You resist. 😮 HP[-4]
You take 4 damage, and now have 13/20 hp.
The smoke demon gestures at you. The ball of steam hits you! You resist.
* * * LOW HITPOINT WARNING * * *
😱 HP[-9]
You take 9 damage, and now have 4/20 hp.
MASSIVE DAMAGE!! (PAUSE) 😱 HP[+1]
There is an empty arch of ancient stone here.
You reach down and open the door.
A wretched star comes into view.
A tentacled starspawn and a wretched star come into view.
The wretched star pulses with an eldritch light!
You feel frail. x2
The smoke demon gestures at you. Something smites you!
Ouch! That really hurt!
You die...

Action                   || total
-------------------------++-------
  Use: Scroll            ||     1
Armor: Leather armour    ||     1
Dodge: Dodged            ||     2

Levels and vault maps discovered:
Abyss:5:  base: Temple, evilmike_abyss_exit_plants, evilmike_abyss_exit_glass,
          nicolae_abyss_rune_star_stuff, hangedman_abyss_sting,
          nicolae_abyss_rune_star_stuff

Notes
Turn   | Place    | Note
-------+----------+-------------------------------------------
     0 | Abyss:1  | spiderkeys the Djinni Abyssal Knight began the quest for
                  | the Orb.
     0 | Abyss:1  | Reached XP level 1. HP: 20/20 MP: 0/0
     0 | Abyss:1  | magus.rc [v1.9.10]
    29 | Abyss:2  | Found a corrupted altar of Lugonu.
    86 | Abyss:3  | Noticed a large abomination
   119 | Abyss:3  | Noticed a bunyip zombie
   121 | Abyss:3  | Noticed a large abomination
   143 | Abyss:5  | Entered Level 5 of the Abyss
   156 | Abyss:5  | Noticed a chaos spawn
   171 | Abyss:5  | Noticed a tentacled starspawn
   186 | Abyss:5  | Noticed a smoke demon
   192 | Abyss:5  | HP: 4/20 [something/ball of steam (9)]
   203 | Abyss:5  | Noticed a wretched star
   204 | Abyss:5  | Noticed a wretched star
   204 | Abyss:5  | Noticed a tentacled starspawn
   204 | Abyss:5  | Killed from afar by a smoke demon

Vanquished Creatures (others)
  3 starspawn tentacles (Abyss:5)
3 creatures vanquished.

Table legend:
 A = Non-vault XP
 B = Vault XP
 C = Vault XP percentage of total XP
 D = Non-vault monster count
 E = Vault monster count
 F = Vault count percentage of total count
                 A         B        C        D         E       F
            +---------+---------+-------+---------+---------+-------
      Total |       0 |       0 |   N/A |       0 |       0 |  -nan
            +---------+---------+-------+---------+---------+-------
            +---------+---------+-------+---------+---------+-------

Illustrated notes

Table legend: (Time is in decaauts)
 A = Elapsed time spent in this place.
 B = Non-inter-level travel time spent in this place.
 C = Inter-level travel time spent in this place.
 D = Time resting spent in this place.
 E = Time spent auto-exploring this place.
 F = Levels seen in this place.
 G = Mean time per level.
                   A        B        C        D        E       F      G
               +--------+--------+--------+--------+--------+-----+--------+
         Total |    203 |    203 |      0 |      0 |     13 |   5 |   40.6 |
         Abyss |    203 |    203 |      0 |      0 |     13 |   5 |   40.6 |
               +--------+--------+--------+--------+--------+-----+--------+

Top non-repeatable levels by time:
 Abyss:3: 61 daAuts
 Abyss:5: 60 daAuts
 Abyss:2: 35 daAuts
 Abyss:1: 27 daAuts
 Abyss:4: 17 daAuts
